 Dungeon Crawl Stone Soup version 0.29.0-11-gd7f09526c8 (webtiles) character file.

Game seed: 14024921365893133122

13 sentinel the Stinger (level 2, 0/20 HPs)
             Began as a Meteoran Venom Mage on Sept 2, 2022.
             Succumbed to an adder's poison
             ... on level 3 of the Dungeon.
             The game lasted 00:01:36 (270 turns).

sentinel the Stinger (Meteoran Venom Mage)           Turns: 270, Time: 00:01:36

Health: 0/20       AC:  3    Str:  9    XL:     2   Next: 70%
Magic:  0/6        EV: 12    Int: 16    God:
Gold:   0          SH:  0    Dex: 14    Spells: 5/6 levels left

rFire   . . .      SeeInvis .   (no weapon)
rCold   . . .      Faith    .   (no shield)
rNeg    . . .      Spirit   .   a - +1 robe
rPois   .          Reflect  .   (no helmet)
rElec   .          Harm     .   (no cloak)
rCorr   .          Rampage  .   (no gloves)
Will    .....                   (no boots)
Stlth   +.........              (no amulet)
HPRegen 0.06/turn               (no ring)
MPRegen 0.10/turn               (no ring)

@: lethally poisoned (0 -> -2), glowing
A: sense surroundings 1, otherworldly, glowing, explore regen
a: no special abilities


You were on level 3 of the Dungeon.
You visited 1 branch of the dungeon, and saw 4 of its levels.

Inventory:

Armour
 a - a +1 robe (worn)
Scrolls
 e - a scroll of silence {unknown}
Potions
 b - a potion of magic


   Skills:
 - Level 2.4 Dodging
 - Level 1.4 Stealth
 - Level 2.6 Spellcasting
 - Level 1.2 Transmutations
 + Level 4.5 Poison Magic


You had 5 spell levels left.
You knew the following spells:

 Your Spells              Type           Power      Damage    Failure   Level
a - Sting                 Tmut/Pois      44%        1d5       6%          1

Your spell library contained the following spells:

 Spells                   Type           Power      Damage    Failure   Level
 Poisonous Vapours        Pois/Air       18%        N/A       12%         2
 Mephitic Cloud           Conj/Pois/Air  7%         N/A       30%         3
 Olgreb's Toxic Radiance  Pois           16%        N/A       30%         4


Dungeon Overview and Level Annotations

Branches:
Dungeon (4/15) Zot: 2130
 Temple: D:4-7

Altars:
Zin


Innate Abilities, Weirdness & Mutations

You passively map a small area around you.
You are easily found by Zot.
You glow in the dark.
You regain HP and MP as you explore.


Message History

Nothing appears to happen.
The hobgoblin misses you.
The sting misses the hobgoblin.
The sting misses the rat.
The hobgoblin hits you.
Your magical contamination has completely faded away.
The sting hits the hobgoblin.
The hobgoblin is poisoned.
The hobgoblin is moderately wounded.
The hobgoblin closely misses you. The hobgoblin attacks as you move away!
The hobgoblin barely misses you.
A shadow imp comes into view.
The shadow imp shouts!
You kill the hobgoblin!
You have reached level 2!
A bat comes into view.
The bat moves out of view.
The bat barely misses you.
You closely miss the bat. The bat hits you but does no damage. x2
The bat hits you but does no damage. The endoplasm attacks as you move away!
The endoplasm hits you but does no damage.
The bat hits you. The bat hits you but does no damage.
The bat barely misses you. The bat closely misses you.
The bat closely misses you.
The sting hits the bat.
The bat is poisoned.
The bat is severely wounded.
The bat barely misses you. The bat closely misses you.
The sting hits the bat.
The bat looks even sicker.
You kill the bat!
As you read the scroll labelled LUEPSO OLA, it crumbles to dust.
It is a scroll of enchant armour.
Your +0 robe glows green for a moment.
As you read the scroll labelled QIDUWUFEWNO, it crumbles to dust.
You feel strangely unstable.
It was a scroll of teleportation.
The endoplasm freezes you.
You are frozen.
The shadow imp hits you. The endoplasm attacks as you move away!
The endoplasm hits you.
The sting hits the shadow imp.
The shadow imp partially resists.
The shadow imp is lightly wounded.
Your surroundings suddenly seem different.
Found a quarterstaff.
A giant cockroach comes into view.
The sting hits the giant cockroach.
The giant cockroach is poisoned.
You kill the giant cockroach!
You see here a giant cockroach corpse.
Found a ring mail.
As you open the door, it creaks loudly!
There is an open door here.
Found a leather armour.
As you open the door, it creaks loudly!
You hear a shout!
There is an open door here.
You open the door.
Found 7 gold pieces.
Found 12 gold pieces.
There is an open door here.
You open the door.
There is an open door here.
You open the door.
A giant cockroach comes into view.
Found a ring mail.
A hobgoblin and a rat come into view.
There is an open door here.
The sting hits the giant cockroach.
The giant cockroach is poisoned.
The giant cockroach is heavily wounded.
The hobgoblin shouts!
You kill the giant cockroach!
You can't see any susceptible monsters within range! (Use Z to cast anyway.)
The sting hits the hobgoblin.
The hobgoblin is poisoned.
The hobgoblin is severely wounded.
You kill the hobgoblin!
You miscast Sting.
You are very lightly contaminated with residual magic.
Nothing appears to happen.
The rat bites you. The rat attacks as you move away! The rat barely misses you.
The sting misses the rat.
The rat barely misses you.
The sting hits the rat.
The rat is poisoned.
You kill the rat!
You can't see any susceptible monsters within range! (Use Z to cast anyway.)
Your magical contamination has completely faded away.
You open the door.
Found a stone staircase leading down.
There is an open door here.
Found a trident.
There is a stone staircase leading down here.
You climb downwards.
Magic restored.
The goblin shouts!
Found a stone staircase leading up.
There is a stone staircase leading up here.
The sting misses the goblin.
The sting hits the goblin.
The goblin is poisoned.
You kill the goblin!
Found a scroll labelled WAF NAOMPAL.
Things that are here:
a +0 club; a goblin corpse
There is a stone staircase leading up here.
You climb upwards.
There is a stone staircase leading down here.
You can't see any susceptible monsters within range! (Use Z to cast anyway.)
The sting misses the adder.
The sting hits the adder but does no damage.
The adder is poisoned.
The adder barely misses you.
The sting hits the adder.
The adder looks even sicker.
The adder is lightly wounded.
The adder bites you but does no damage.
You miscast Sting.
You are very lightly contaminated with residual magic.
Nothing appears to happen.
The adder bites you but does no damage.
The sting misses the adder.
The adder bites you.
You are poisoned.
The adder poisons you! The adder bites you.
You are more poisoned.
The adder poisons you!
The sting hits the adder.
The adder looks even sicker.
The adder is heavily wounded.
You feel sick. The adder barely misses you.
Okay, then.
You barely miss the adder.
The adder is heavily wounded.
You feel sick. The adder bites you.
You hit the adder but do no damage.
The adder is heavily wounded.
You feel sick. The adder bites you.
You closely miss the adder.
The adder is heavily wounded.
You feel sick. The adder barely misses you. The adder bites you.
* * * LOW HITPOINT WARNING * * *
HP warning!
Okay, then.
You aren't carrying any items that you can evoke.
Unknown command.
You closely miss the adder.
The adder is moderately wounded.
* * * LOW HITPOINT WARNING * * *
You feel sick. The adder misses you.
Your magical contamination has completely faded away.
HP warning!
You are too injured to fight recklessly!
Casting: Sting (safe; 6% risk of failure)
Confirm with . or Enter, or press ? or * to list all spells.
Aiming: Sting (safe; 6% risk of failure)
Press: ? - help, Shift-Dir - straight line, f/p - adder
Aim: an adder (moderately wounded, very poisoned, 53% to hit)
The sting hits the adder.
The adder looks even sicker.
The adder is severely wounded.
* * * LOW HITPOINT WARNING * * *
You feel sick. The adder barely misses you.
HP warning!
You closely miss the adder.
The adder is almost dead.
You die...

* ,*#.....######.. *
..*,*##..#.##...... *
.. #..#.#..###.. ,
#.##**#..#.. * #.. *
#... ##..##.. *#..
,#..#.#.... ..#,....
* #..#...#.#.###.#...
* #........#.# # #...
, #.@S....). . #...
#........#.#.....#.##
.. #...
#.............#....#*
* ..# *
#....≈≈≈≈≈≈≈.....#.#
, [ #
#......≈≈≈≈≈≈......#
,* #
#....8...._≈≈.##....
#
.......≈≈≈≈≈≈........
#...≈≈≈≈≈≈≈..##.#.##
* * ,#..............
,


You could see an adder (very poisoned).

Vanquished Creatures
  3 giant cockroaches (D:3)
  A goblin (D:4)
  3 hobgoblins
  A ball python (D:2)
  2 bats
  A rat (D:3)
11 creatures vanquished.

Notes
Turn   | Place    | Note
-------+----------+-------------------------------------------
     0 | D:1      | sentinel the Meteoran Venom Mage began the quest for the
                  | Orb.
     0 | D:1      | Reached XP level 1. HP: 14/14 MP: 5/5
   151 | D:3      | Found a glowing silver altar of Zin.
   160 | D:3      | Reached skill level 4 in Poison Magic
   172 | D:3      | Reached XP level 2. HP: 19/20 MP: 0/6
   269 | D:3      | HP: 1/20 [poisoned by an adder]
   270 | D:3      | Succumbed to an adder's poison

Illustrated notes

Levels and vault maps discovered:
D:1:      psy_arrival_radial02, layout_basic, basic_ecumenical_altar
D:2:      layout_basic, serial_shops, shop_statue, uniq_sigmund
D:3:      layout_basic, mainiacjoe_overflow_catwalk,
          mainiacjoe_overflow_brackets, uniq_terence, uniq_ijyb
D:4:      layout_basic, old_standard_altar, nicolae_yredelemnul_corpse_copse,
          nicolae_tso_besieged_by_evil, nemelex_spade_bored_becter,
          corexii_leaking_fountain

Skill      XL: |  1 |
---------------+----+-----
Poison Magic   | 4 |  4.5
Dodging        | |  2.4
Stealth        | |  1.4
Spellcasting   | |  2.6
Transmutations | |  1.2

Action                   || total
-------------------------++-------
Melee: Unarmed           ||     7
 Cast: Sting             ||    28
  Use: Scroll            ||     2
Armor: Robe              ||     9
Dodge: Dodged            ||    23
